 Dungeon Crawl Stone Soup version 0.26.1-2-gb8aa6d0cf2 (webtiles) character file.

Game seed: 10861314754090103506

118284 Alvadar the Sorcerer (level 16, -3/76 HPs)
             Began as a Deep Elf Conjurer on Feb 12, 2021.
             Was a High Priest of Sif Muna.
             Killed from afar by a hell hog (17 damage)
             ... with a fireball
             ... on level 15 of the Dungeon.
             The game lasted 02:06:37 (29850 turns).

Alvadar the Sorcerer (Deep Elf Conjurer)           Turns: 29850, Time: 02:06:37

Health: -3/76      AC: 14    Str:  6    XL:     16   Next: 25%
Magic:  52/52      EV:  7    Int: 31    God:    Sif Muna [*****.]
Gold:   150        SH:  0    Dex: 19    Spells: 23/57 levels left

rFire    + . .     SeeInvis .   Q - staff of conjuration
rCold    + . .     Faith    .   (no shield)
rNeg     + + +     Spirit   .   U - +3 scale mail of Kieti {MP+9 Str+2}
rPois    +         Reflect  .   (no helmet)
rElec    +         Harm     .   b - +0 cloak {Will+}
rCorr    +         Rampage  .   (no gloves)
Will     ++...                  k - +1 pair of boots
Stlth    +.........             B - amulet of magic regeneration
HPRegen  0.22/turn              f - ring of wizardry
MPRegen  0.58/turn              e - ring "Amoagech" {+Fly rElec rN+++ Dex+6 Slay-2}

@: brilliant, resistant
A: hooves 1, icy blue scales 1
a: Renounce Religion, Evoke Flight, Channel Magic, Forget Spell, Divine Exegesis


You were on level 15 of the Dungeon.
You worshipped Sif Muna.
Sif Muna was extremely pleased with you.
You visited 4 branches of the dungeon, and saw 24 of its levels.
You visited 1 bazaar.
You also visited: Gauntlet.

You collected 2082 gold pieces.
You spent 1932 gold pieces at shops.

Inventory:

Hand Weapons
 t - the +2 shortbow "Yzachiqua" {freeze, rF++}
   (You found it on level 7 of the Dungeon)

   It causes projectiles fired from it to freeze those they strike, causing
   extra injury to most foes and up to half again as much damage against
   particularly susceptible opponents.
   They can also slow down cold-blooded creatures.
   It greatly protects you from fire.
Armour
 b - a +0 cloak of willpower (worn)
 j - a +2 buckler
 k - a +1 pair of boots (worn)
 w - +0 steam dragon scales
 K - a +2 robe of cold resistance
 T - a +0 kite shield of protection
 U - the +3 scale mail of Kieti (worn) {MP+9 Str+2}
   (You took it off a minotaur in a Gauntlet)

   It affects your strength (+2).
   It affects your magic capacity (+9).
 V - the +2 robe of Too Many Cooks {rN++}
   (You found it in a Gauntlet)

   It greatly protects you from negative energy.
Magical Staves
 x - an uncursed staff of air
 Q - an uncursed staff of conjuration (weapon)
Jewellery
 c - a +4 ring of protection
 e - the ring "Amoagech" (right hand) {+Fly rElec rN+++ Dex+6 Slay-2}
   (You found it on level 4 of the Lair of Beasts)

   [ring of flight]

   It affects your dexterity (+6).
   It affects your accuracy and damage with ranged weapons and melee attacks
   (-2).
   It insulates you from electricity.
   It renders you almost immune to negative energy.
   It lets you fly.
 f - a ring of wizardry (left hand)
 o - an uncursed ring of wizardry
 r - an uncursed ring of protection from cold {unknown}
 s - an uncursed amulet of reflection
 B - an amulet of magic regeneration (around neck)
 L - an uncursed ring of ice
 X - an uncursed ring of fire {unknown}
Wands
 y - a wand of iceblast (17) (quivered)
 H - a wand of random effects (66)
 I - a wand of polymorph (18)
 J - a wand of flame (42)
 O - a wand of paralysis (20)
 R - a wand of disintegration (12)
Scrolls
 a - a scroll of fear
 d - 6 scrolls of vulnerability
 g - 5 scrolls of enchant armour
 h - 6 scrolls of amnesia
 m - 2 scrolls of magic mapping
 v - 16 scrolls of teleportation
 A - 4 scrolls of fog
 D - a scroll of immolation
 F - 2 scrolls of identify
 N - 5 scrolls of remove curse
 P - 3 scrolls of enchant weapon
Potions
 i - 6 potions of brilliance
 l - 5 potions of might
 n - 9 potions of curing
 p - 2 potions of resistance
 q - 2 potions of lignification
 u - a potion of cancellation
 z - 3 potions of ambrosia
 C - 3 potions of mutation
 E - 2 potions of haste
 M - 3 potions of berserk rage
 S - 3 potions of flight {unknown}


   Skills:
 - Level 2.6 Dodging
 - Level 2.6 Stealth
 + Level 21.0 Spellcasting
 - Level 19.5 Conjurations
 - Level 6.9 Fire Magic
 + Level 13.1 Air Magic


You had 23 spell levels left.
You knew the following spells:

 Your Spells              Type           Power        Failure   Level
a - Iskenderun's Mystic   Conj/Tloc      100%         1%          4
b - Fireball              Conj/Fire      65%          1%          5
c - Lightning Bolt        Conj/Air       70%          1%          5
d - Summon Lightning Spi  Summ/Air       83%          5%          4
e - Orb of Destruction    Conj           74%          2%          7
f - Magic Dart            Conj           100%         0%          1
g - Searing Ray           Conj           100%         0%          2
h - Freezing Cloud        Conj/Ice/Air   61%          13%         6

Your spell library contained the following spells:

 Spells                   Type           Power        Failure   Level
 Shock                    Conj/Air       100%         0%          1
 Foxfire                  Conj/Fire      100%         1%          1
 Poisonous Vapours        Pois/Air       100%         1%          2
 Swiftness                Air            100%         1%          2
 Conjure Flame            Conj/Fire      100%         1%          3
 Dazzling Flash           Conj/Hex       100%         1%          3
 Mephitic Cloud           Conj/Pois/Air  100%         1%          3
 Static Discharge         Conj/Air       100%         1%          3
 Airstrike                Air            53%          1%          4
 Fulminant Prism          Conj/Hex       59%          1%          4
 Sticky Flame             Conj/Fire      100%         1%          4
 Iskenderun's Battlesphe  Conj           100%         1%          5
 Conjure Ball Lightning   Conj/Air       70%          1%          6
 Irradiate                Conj/Tmut      59%          4%          5
 Starburst                Conj/Fire      65%          4%          6
 Inner Flame              Hex/Fire       69%          5%          3
 Bolt of Magma            Conj/Fire/Erth 57%          6%          5
 Animate Skeleton         Necr           96%          8%          1
 Apportation              Tloc           96%          8%          1
 Corona                   Hex            53%          8%          1
 Pain                     Necr           100%         8%          1
 Sandblast                Erth           96%          8%          1
 Sting                    Tmut/Pois      100%         8%          1
 Summon Small Mammal      Summ           100%         8%          1
 Ignite Poison            Fire/Tmut/Pois 63%          9%          3
 Call Imp                 Summ           48%          12%         2
 Passwall                 Tmut/Erth      40%          12%         2
 Silence                  Hex/Air        41%          14%         5
 Iron Shot                Conj/Erth      59%          21%         6
 Call Canine Familiar     Summ           48%          22%         3
 Gell's Gravitas          Tloc           24%          22%         3
 Summon Guardian Golem    Hex/Summ       48%          22%         3
 Vampiric Draining        Necr           24%          22%         3
 Chain Lightning          Conj/Air       70%          50%         8
 Animate Dead             Necr           24%          56%         4
 Cause Fear               Hex            24%          56%         4
 Leda's Liquefaction      Hex/Erth       24%          56%         4
 Olgreb's Toxic Radiance  Pois           48%          56%         4
 Passage of Golubria      Tloc           N/A          56%         4
 Summon Ice Beast         Ice/Summ       48%          56%         4
 Spellforged Servitor     Conj/Summ      59%          71%         7
 Agony                    Necr           48%          87%         5
 Borgnjor's Vile Clutch   Necr/Erth      24%          87%         5
 Lee's Rapid Deconstruct  Erth           24%          87%         5
 Summon Demon             Summ           24%          87%         5
 Summon Forest            Summ/Tloc      24%          87%         5
 Summon Mana Viper        Hex/Summ       48%          87%         5
 Yara's Violent Unravell  Hex/Tmut       24%          87%         5
 Death Channel            Necr           24%          100%        6
 Hydra Form               Tmut           24%          100%        6
 Invisibility             Hex            48%          100%        6
 Shadow Creatures         Summ           N/A          100%        6
 Simulacrum               Ice/Necr       24%          100%        6
 Statue Form              Tmut/Erth      32%          100%        6
 Dragon Form              Tmut           24%          100%        7
 Summon Hydra             Summ           24%          100%        7
 Discord                  Hex            24%          100%        8
 Lehudib's Crystal Spear  Conj/Erth      59%          100%        8
 Fire Storm               Conj/Fire      65%          100%        9
 Shatter                  Erth           24%          100%        9


Dungeon Overview and Level Annotations

Branches:
Dungeon (15/15)            Temple (1/1) D:5            Lair (6/6) D:8
  Swamp (0/4) Lair:4        Snake (0/4) Lair:4        Slime (0/5) Lair:6
    Orc (2/2) D:12            Elf (0/3) Orc:2        Vaults (0/5) D:13
 Depths (0/5) D:15        Gauntlet (visited)

Altars:
Elyvilon
Kikubaaqudgha
Makhleb
Nemelex Xobeh
Ru
Sif Muna
Trog
Uskayaw
Vehumet
Wu Jian
Xom
Yredelemnul
Zin
Beogh

Shops:
D:8 (   D:10 (!}}   D:11 [   D:14 :(?   Orc:2 }:?(

Annotations:
D:8 2 transporters, promet's ghost, novice MiFi


Innate Abilities, Weirdness & Mutations

You have large cloven feet.
You are partially covered in icy blue scales. (AC +2)


Message History

You kill the hell hound!
Sif Muna accepts your kill.
The hell hound convulses!
The hellephant convulses!
The hell hound convulses! x2
You kill the hell hound!
Sif Muna accepts your kill.
The hell hound convulses!
You kill the hell hound!
Sif Muna accepts your kill.
The hell hound convulses!
You kill the hell hound!
Sif Muna accepts your kill.
The hell hound convulses! x3
You kill the hell hound!
Sif Muna accepts your kill.
The hell hound convulses!
You kill the hell hound!
Sif Muna accepts your kill. The hell hog breathes fire at you.
The fireball explodes!
The fireball engulfs you! You resist.
You die...

.#......#...............)........
.'......#........................
.########........................
................................)
#'#.....................#########
..#.....................#.......#
..#.............###.##..#.......#
..#..........''''''''''.#.......#
.(#..........'+'@'++++'.#.......#
..#.#####....'++'++ '.#+###'###
..#.#...#....'


+h( '.......... ..#.#...#....' +hYh '.......... ###.#...#....' +...h '..........
....##'##....' +h?.)+ '.......... .............' ++++++ '..........
########.....' '.......... #.....''''''''''........## You could see a hellephant
(dazed), a hell hog (dazed, catching breath) and 4 hell hounds.

Vanquished Creatures
  Jorgrun (Orc:1)
  A juggernaut zombie (D:15)
  A minotaur (Gauntlet)
  5 entropy weavers (Lair:4)
  Snorg (Lair:6)
  2 fire dragons
  4 vault guards (D:13)
  An ogre mage (Orc:2)
  Erolcha (Orc:2)
  3 ghost crabs (Lair:4)
  3 boulder beetles
  11 hydras
  An ice dragon (Lair:6)
  A centaur warrior (D:14)
  A catoblepas (Lair:5)
  9 death yaks
  5 two-headed ogres
  A tengu warrior (D:14)
  A vampire mage (D:15)
  A hell hog (D:15)
  6 fire crabs (Lair:4)
  6 skeletal warriors
  A spark wasp zombie (D:15)
  An unseen horror (D:15)
  2 deep elf archers (D:13)
  A golden dragon skeleton (D:15)
  A swamp dragon (Lair:6)
  A necromancer (D:15)
  An obsidian statue (Gauntlet)
  Pikel (D:5)
  3 orc knights
  9 orc sorcerers
  A salamander (Lair:5)
  An oklob plant (Gauntlet)
  3 cyclopes
  12 elephants
  3 manticores
  6 black mambas
  Joseph (D:10)
  An apocalypse crab (Lair:4)
  Psyche (D:8)
  A gargoyle (D:11)
  2 torpor snails
  9 cane toads
  Maggie (D:6)
  3 kobold demonologists
  3 rime drakes (Lair:6)
  A yaktaur (D:13)
  2 tengu conjurers
  A freezing wraith (D:14)
  11 komodo dragons
  8 polar bears (Lair:6)
  3 trolls
  Prince Ribbit (D:8)
  A polar bear (shapeshifter) (D:14)
  4 hornets
  7 dream sheep
  5 blink frogs
  4 raiju (Lair:6)
  A fire dragon zombie (D:15)
  A meliai zombie (D:11)
  3 shadows (D:11)
  22 flying skulls
  2 wraiths
  4 wyverns
  Sigmund (D:5)
  43 yaks
  7 basilisks
  A steam dragon (Lair:6)
  Eustachio (D:4)
  11 vampire mosquitoes
  Menkaure (D:5)
  4 nagas (Lair:4)
  Edmund (D:4)
  8 wargs
  2 acid dragons
  16 hell hounds
  13 water moccasins
  17 orc warriors
  3 swamp drakes (Lair:6)
  9 sky beasts
  8 black bears
  4 ice beasts
  5 phantoms
  An eye of draining (D:14)
  2 necrophages
  10 centaurs
  10 ogres
  13 wolves
  3 lemures (D:5)
  2 big kobolds
  Blork the orc (D:6)
  18 bullfrogs
  A bullfrog (shapeshifter) (D:14)
  A wyvern zombie (D:11)
  9 scorpions
  8 worker ants
  11 killer bees
  13 wights
  2 electric eels (D:6)
  2 howler monkeys
  3 centaur zombies
  5 jellies
  A quasit (D:12)
  3 bullfrog zombies
  5 hounds
  Crazy Yiuf (D:5)
  2 bullfrog skeletons
  7 orc priests
  A gnoll shaman (D:9)
  29 orc wizards
  6 centaur skeletons
  Jessica (D:2)
  3 iguanas
  A hound zombie (D:9)
  A hound skeleton (D:5)
  A worker ant zombie (D:6)
  13 gnolls
  17 adders
  2 shadow imps
  5 white imps
  3 ufetubi
  An ooze (D:1)
  An adder zombie (D:5)
  3 worms
  2 dart slugs (D:1)
  7 leopard geckos
  61 orcs
  2 ball pythons
  5 bats
  7 giant cockroaches
  10 goblins
  6 hobgoblins
  6 jackals
  5 quokkas
  5 frilled lizards
  17 kobolds
  A leopard gecko skeleton (D:4)
  6 rats
733 creatures vanquished.

Vanquished Creatures (collateral kills)
  Rupert (D:14)
  Fannar (D:10)
  A hydra (Lair:6)
  Sonja (D:10)
  A cyclops (D:12)
  5 elephants
  2 black mambas
  3 cane toads (Lair:6)
  A rime drake (Lair:6)
  A komodo dragon (Lair:2)
  A polar bear (Lair:6)
  A troll (D:12)
  4 blink frogs
  2 flying skulls (D:12)
  7 yaks
  3 hell hounds (Lair:6)
  A soldier ant (D:12)
  3 water moccasins
  5 black bears (Lair:6)
  2 orc warriors
  4 wolves
  An ogre (D:10)
  A bullfrog (Lair:2)
  A wight (D:7)
  2 orc priests
  3 orc wizards
  A hound zombie (D:7)
  A gnoll (D:7)
  An adder (D:7)
  A white imp (Lair:6)
  4 orcs
66 creatures vanquished.

Vanquished Creatures (others)
  An orc warrior (D:13)
  A hound (D:6)
  An orc wizard (D:13)
  A worker ant (D:6)
  2 adders (D:6)
  3 orcs (D:13)
  A demonic plant (Gauntlet)
  70 fungi
  93 plants
  18 withered plants
191 creatures vanquished.

Grand Total: 990 creatures vanquished

Notes
Turn   | Place    | Note
-------+----------+-------------------------------------------
     0 | D:1      | Alvadar the Deep Elf Conjurer began the quest for the Orb.
     0 | D:1      | Reached XP level 1. HP: 10/10 MP: 6/6
   198 | D:1      | Reached XP level 2. HP: 15/15 MP: 6/8
   278 | D:1      | Reached skill level 5 in Conjurations
   432 | D:1      | Reached XP level 3. HP: 19/19 MP: 0/9
  1224 | D:2      | You fall into a shaft and drop 1 floor!
  1422 | D:3      | Reached XP level 4. HP: 24/24 MP: 9/11
  1443 | D:3      | Found a sparkling altar of Nemelex Xobeh.
  1650 | D:3      | Noticed a bullfrog
  1655 | D:3      | Killed a bullfrog
  1656 | D:3      | Reached skill level 4 in Spellcasting
  1656 | D:3      | Reached XP level 5. HP: 27/28 MP: 6/13
  1738 | D:3      | Found a hide-covered altar of Uskayaw.
  1738 | D:3      | Found a glowing silver altar of Zin.
  1738 | D:3      | Found a burning altar of Makhleb.
  1857 | D:3      | Found a white marble altar of Elyvilon.
  1937 | D:3      | Noticed a sky beast
  2169 | D:2      | Learned a level 2 spell: Searing Ray
  2540 | D:2      | Noticed Jessica
  2546 | D:2      | Killed Jessica
  2666 | D:2      | Reached skill level 5 in Spellcasting
  2933 | D:3      | Noticed a necrophage
  2936 | D:3      | Killed a necrophage
  2937 | D:3      | Reached XP level 6. HP: 32/32 MP: 10/16
  2984 | D:3      | Found an ornate altar of the Wu Jian Council.
  3078 | D:3      | Found a shimmering blue altar of Sif Muna.
  3086 | D:3      | Identified Sif Muna's Almanac of Stones
  3089 | D:3      | Became a worshipper of Sif Muna the Loreminder
  3126 | D:3      | Found a bloodstained altar of Trog.
  3221 | D:3      | Found a basalt altar of Yredelemnul.
  3293 | D:4      | Noticed an ice beast
  3301 | D:4      | Killed an ice beast
  3302 | D:4      | Reached skill level 6 in Spellcasting
  3501 | D:4      | Reached XP level 7. HP: 36/36 MP: 13/18
  3783 | D:4      | Noticed Eustachio
  3786 | D:4      | Killed Eustachio
  3787 | D:4      | Reached skill level 7 in Spellcasting
  3860 | D:4      | Noticed Edmund
  3866 | D:4      | Killed Edmund
  4411 | D:5      | Entered Level 5 of the Dungeon
  4471 | D:5      | Noticed Menkaure
  4473 | D:5      | Killed Menkaure
  4474 | D:5      | Reached skill level 8 in Spellcasting
  4498 | D:5      | Noticed Pikel
  4504 | D:5      | Killed Pikel
  4505 | D:5      | Reached skill level 9 in Spellcasting
  4505 | D:5      | Reached XP level 8. HP: 41/41 MP: 14/23
  4511 | D:5      | Learned a level 4 spell: Iskenderun's Mystic Blast
  4516 | D:5      | Learned a level 4 spell: Summon Lightning Spire
  4587 | D:5      | Noticed Sigmund
  4596 | D:5      | Killed Sigmund
  4743 | D:5      | Reached skill level 10 in Conjurations
  4788 | D:5      | Reached skill level 1 in Air Magic
  4796 | D:5      | Reached skill level 10 in Spellcasting
  4993 | D:5      | Found a runed translucent door.
  4994 | D:5      | Noticed Crazy Yiuf
  4999 | D:5      | Killed Crazy Yiuf
  5110 | D:5      | Reached XP level 9. HP: 45/45 MP: 20/25
  5578 | D:5      | Found a staircase to the Ecumenical Temple.
  5600 | Temple   | Entered the Ecumenical Temple
  5762 | D:6      | Noticed Blork the orc
  5765 | D:6      | Noticed Maggie
  5769 | D:6      | Killed Blork the orc
  5778 | D:6      | Killed Maggie
  5778 | D:6      | Reached * piety under Sif Muna
  5779 | D:6      | Reached skill level 11 in Spellcasting
  6461 | D:6      | Got a crystal mace
  6462 | D:6      | Identified the +5 mace "Gysmir Metoc" {vorpal, Will+} (You
                  | found it on level 6 of the Dungeon)
  6537 | D:6      | Gained mutation: You have large cloven feet. [potion of
                  | mutation]
  6537 | D:6      | Gained mutation: You are partially covered in icy blue
                  | scales. (AC +2) [potion of mutation]
  6934 | D:7      | Noticed a five-headed hydra
  6934 | D:7      | Noticed a two-headed ogre
  6935 | D:7      | Found the +8 whip "Snakebite" {curare, rPois}
  6935 | D:7      | Noticed a four-headed hydra
  6940 | D:7      | Killed a four-headed hydra
  6941 | D:7      | Reached skill level 12 in Spellcasting
  6941 | D:7      | Reached XP level 10. HP: 50/50 MP: 9/28
  6942 | D:7      | Killed a two-headed ogre
  6981 | D:7      | Killed a five-headed hydra
  6982 | D:7      | Reached skill level 13 in Spellcasting
  7008 | D:7      | Reached ** piety under Sif Muna
  7165 | D:7      | Got a bloodstained leather armour
  7176 | D:7      | Identified the cursed +1 leather armour of Distant Shores
                  | {Regen+} (You found it on level 7 of the Dungeon)
  7182 | D:7      | Got a distressingly furry ring mail
  7194 | D:7      | Identified the +1 ring mail "Iwkeod" {rF- rN++ Slay+5} (You
                  | found it on level 7 of the Dungeon)
  7233 | D:7      | Got an ichor-stained shortbow
  7266 | D:7      | Identified the cursed +2 shortbow "Yzachiqua" {freeze,
                  | rF++} (You found it on level 7 of the Dungeon)
  8103 | D:8      | Found Ryguos's Antique Weapon Emporium.
  8110 | D:8      | Noticed Psyche
  8247 | D:8      | Killed Psyche
  8254 | D:8      | Reached skill level 14 in Spellcasting
  8272 | D:8      | Reached *** piety under Sif Muna
  8626 | D:8      | Noticed a two-headed ogre
  8631 | D:8      | Killed a two-headed ogre
  8632 | D:8      | Reached XP level 11. HP: 54/54 MP: 17/31
  8756 | D:8      | Noticed Prince Ribbit
  8764 | D:8      | Killed Prince Ribbit
  8796 | D:8      | Found a staircase to the Lair.
  8842 | D:8      | Noticed a two-headed ogre
  8852 | D:8      | Killed a two-headed ogre
  8939 | D:8      | Found a transporter.
  8939 | D:8      | Noticed promet's ghost (novice MiFi)
  9042 | D:8      | Found a transporter.
  9173 | D:8      | Found a radiant altar of Vehumet.
  9660 | D:9      | Reached **** piety under Sif Muna
  9700 | D:9      | Got a jewelled leather armour
  9711 | D:9      | Identified the +0 leather armour of Grace {*Corrode rN+
                  | Dex+4} (You found it on level 9 of the Dungeon)
  9795 | D:9      | Reached skill level 15 in Spellcasting
  9894 | D:9      | Found a sacrificial altar of Ru.
  9916 | D:9      | You fall into a shaft and drop 1 floor!
  9916 | D:10     | Entered Level 10 of the Dungeon
  9916 | D:10     | Found Oquxzomae's Gadget Shop.
  9943 | D:10     | Noticed Joseph
  9960 | D:10     | Killed Joseph
  9969 | D:10     | Noticed Fannar
 10005 | D:10     | Killed Fannar
 10371 | D:10     | Found Ynuojuith's Gadget Emporium.
 10475 | D:10     | Reached skill level 5 in Air Magic
 10531 | D:10     | Learned a level 6 spell: Freezing Cloud
 10537 | D:10     | Found Vakkeg's Distillery.
 10537 | D:10     | Found Nedwiogh's Weapon Shoppe.
 10545 | D:10     | Bought a potion of heal wounds for 55 gold pieces
 10545 | D:10     | Bought a potion of brilliance for 44 gold pieces
 10545 | D:10     | Bought a potion of brilliance for 44 gold pieces
 10545 | D:10     | Bought a potion of mutation for 88 gold pieces
 10707 | D:10     | Noticed Sonja
 10718 | D:10     | Killed Sonja
 11268 | D:11     | Reached XP level 12. HP: 45/59 MP: 19/33
 11328 | D:11     | Reached skill level 15 in Conjurations
 11483 | D:11     | Found Gaatine's Armour Shop.
 11788 | D:11     | Learned a level 5 spell: Lightning Bolt
 12036 | D:12     | Reached ***** piety under Sif Muna
 12186 | D:12     | Found a staircase to the Orcish Mines.
 12189 | D:12     | Identified Sif Muna's Papyrus of Floating Flames (Sif Muna
                  | gifted it to you on level 12 of the Dungeon)
 12189 | D:12     | Received a gift from Sif Muna
 12549 | D:12     | Found the +3 giant club "Skullcrusher" {speed, Str+7}
 13152 | D:12     | Learned a level 5 spell: Fireball
 13245 | Lair:1   | Entered Level 1 of the Lair of Beasts
 13294 | Lair:1   | Reached skill level 1 in Fire Magic
 14110 | Lair:2   | Noticed a seven-headed hydra
 14113 | Lair:2   | Killed a seven-headed hydra
 14128 | Lair:2   | Reached XP level 13. HP: 63/63 MP: 22/34
 15304 | Lair:3   | Identified Huarhuuh's Handbook of Attacks (Sif Muna gifted
                  | it to you on level 3 of the Lair of Beasts)
 15304 | Lair:3   | Received a gift from Sif Muna
 15750 | Lair:3   | Reached skill level 5 in Fire Magic
 16589 | Lair:4   | Found a staircase to the Snake Pit.
 16875 | Lair:4   | Found a shimmering altar of Xom.
 17144 | Lair:4   | Found a staircase to the Swamp.
 17251 | Lair:4   | Found a runed translucent door.
 17575 | Lair:4   | Noticed an entropy weaver
 17581 | Lair:4   | Killed an entropy weaver
 17594 | Lair:4   | Noticed an entropy weaver
 17609 | Lair:4   | Killed an entropy weaver
 17777 | Lair:4   | Noticed an entropy weaver
 17787 | Lair:4   | Killed an entropy weaver
 17788 | Lair:4   | Reached XP level 14. HP: 68/68 MP: 25/35
 18467 | Lair:4   | Got a heavily runed tin ring
 18477 | Lair:4   | Identified the ring "Amoagech" {+Fly rElec rN+++ Dex+6
                  | Slay-2} (You found it on level 4 of the Lair of Beasts)
 18687 | Lair:5   | Received a gift from Sif Muna
 19193 | Lair:5   | Reached skill level 16 in Spellcasting
 19331 | Lair:5   | Identified the Grimoire of Flying Displacement
 19876 | Lair:6   | Entered Level 6 of the Lair of Beasts
 19881 | Lair:6   | Reached skill level 10 in Air Magic
 19896 | Lair:6   | Noticed Snorg
 20126 | Lair:6   | Found a staircase to the Slime Pits.
 20184 | Lair:6   | Reached skill level 17 in Spellcasting
 20658 | Lair:6   | Killed Snorg
 20866 | Lair:6   | Identified Fonex's Reference Book on Battle Magic and the
                  | Escort (Sif Muna gifted it to you on level 6 of the Lair of
                  | Beasts)
 20866 | Lair:6   | Received a gift from Sif Muna
 20867 | Lair:6   | Reached XP level 15. HP: 72/72 MP: 9/38
 21760 | Lair:6   | Reached skill level 18 in Spellcasting
 22780 | Orc:1    | Entered Level 1 of the Orcish Mines
 22901 | Orc:1    | Noticed Jorgrun
 22911 | Orc:1    | Killed Jorgrun
 23561 | Orc:2    | Entered Level 2 of the Orcish Mines
 23565 | Orc:2    | Identified Geifei Mametz's Handbook of Stones and Attacks
                  | (Sif Muna gifted it to you on level 2 of the Orcish Mines)
 23565 | Orc:2    | Received a gift from Sif Muna
 23752 | Orc:2    | Found a roughly hewn altar of Beogh.
 23821 | Orc:2    | Found a staircase to the Elven Halls.
 24033 | Orc:2    | Found Nimimok's Book Boutique.
 24096 | Orc:2    | Found Qulaf's Gadget Shop.
 24144 | Orc:2    | Found an ancient bone altar of Kikubaaqudgha.
 24198 | Orc:2    | Noticed Erolcha
 24205 | Orc:2    | Killed Erolcha
 24206 | Orc:2    | Reached skill level 19 in Spellcasting
 24320 | Orc:2    | Found a radiant altar of Vehumet.
 24339 | Orc:2    | Found a roughly hewn altar of Beogh.
 24362 | Orc:2    | Found Ypappeac's Magic Scroll Boutique.
 24367 | Orc:2    | Found Dallin's Antique Weapon Shop.
 24371 | Orc:2    | Bought a scroll of identify for 32 gold pieces
 24371 | Orc:2    | Bought a scroll of identify for 32 gold pieces
 24371 | Orc:2    | Bought a scroll of identify for 32 gold pieces
 24732 | Orc:2    | Bought a book of Burglary for 1125 gold pieces
 25652 | D:13     | Found a gate to the Vaults.
 25705 | D:13     | Found a flickering gateway to a bazaar.
 25717 | Bazaar   | Entered a bazaar
 25717 | Bazaar   | Found Mustri's Distillery.
 25764 | Bazaar   | Found Unompe's Antique Weapon Shop.
 25790 | Bazaar   | Found Qiuzxis's Antique Armour Shop.
 25831 | Bazaar   | Bought a potion of resistance for 160 gold pieces
 25831 | Bazaar   | Bought a potion of heal wounds for 80 gold pieces
 25831 | Bazaar   | Bought a potion of brilliance for 64 gold pieces
 25831 | Bazaar   | Bought a potion of heal wounds for 80 gold pieces
 25831 | Bazaar   | Bought a potion of curing for 48 gold pieces
 25831 | Bazaar   | Bought a potion of curing for 48 gold pieces
 26223 | D:14     | Found Vyugem's Antique Weapon Emporium.
 26227 | D:14     | Found Xubraug's Magic Scroll Shoppe.
 26254 | D:14     | Noticed Rupert
 26271 | D:14     | Identified Sitriott's Grimoire of Blistering Conjuration
                  | (Sif Muna gifted it to you on level 14 of the Dungeon)
 26271 | D:14     | Received a gift from Sif Muna
 26287 | D:14     | Killed Rupert
 26291 | D:14     | Found Ohyrumump's Book Emporium.
 26362 | D:14     | Found a gate leading to a gauntlet.
 26369 | Gauntlet | Entered a Gauntlet
 26369 | Gauntlet | Found a large runed translucent door.
 26369 | Gauntlet | Found a large runed translucent door.
 26369 | Gauntlet | Found a large runed translucent door.
 26369 | Gauntlet | Found a large runed translucent door.
 26369 | Gauntlet | Found a runed translucent door.
 26369 | Gauntlet | Found a large runed translucent door.
 26369 | Gauntlet | Found a large runed translucent door.
 26369 | Gauntlet | Found a transporter.
 26369 | Gauntlet | Found a transporter.
 26369 | Gauntlet | Found a large runed translucent door.
 26369 | Gauntlet | Found a large runed translucent door.
 26369 | Gauntlet | Found a runed translucent gate.
 26369 | Gauntlet | Found a runed translucent gate.
 26369 | Gauntlet | Found a transporter.
 26376 | Gauntlet | Found a transporter.
 26377 | Gauntlet | Found a transporter.
 26377 | Gauntlet | Found a transporter.
 26378 | Gauntlet | Found a runed translucent gate.
 26378 | Gauntlet | Found a runed translucent door.
 26382 | Gauntlet | Found a large runed translucent door.
 26382 | Gauntlet | Found a large runed translucent door.
 26387 | Gauntlet | Found a transporter.
 26391 | Gauntlet | Found a transporter.
 26406 | Gauntlet | Found a transporter.
 26407 | Gauntlet | Found a transporter.
 26425 | Gauntlet | Found a transporter.
 26429 | Gauntlet | Found a transporter.
 26474 | Gauntlet | Found a large runed translucent door.
 26474 | Gauntlet | Found a large runed translucent door.
 26475 | Gauntlet | Found a large runed translucent door.
 26475 | Gauntlet | Found a large runed translucent door.
 26476 | Gauntlet | Found a large runed translucent door.
 26476 | Gauntlet | Found a large runed translucent door.
 26820 | Gauntlet | Learned a level 7 spell: Orb of Destruction
 26826 | Gauntlet | Reached skill level 20 in Spellcasting
 26881 | Gauntlet | Got a vibrating bone ring
 26885 | Gauntlet | Identified the ring of the Present {+Fly rPois Str+6 Int-2
                  | Stlth+} (You found it in a Gauntlet)
 26899 | Gauntlet | Identified the +3 scale mail of Kieti {MP+9 Str+2}
 26899 | Gauntlet | Identified the ring of Qiownue {+Blink Slay+2 SInv}
 26964 | Gauntlet | Got a faintly glowing robe
 26976 | Gauntlet | Identified the +2 robe of Too Many Cooks {rN++} (You found
                  | it in a Gauntlet)
 27963 | D:14     | Reached XP level 16. HP: 76/76 MP: 29/42
 28531 | D:15     | Entered Level 15 of the Dungeon
 29433 | D:15     | Reached skill level 21 in Spellcasting
 29456 | D:15     | Found a staircase to the Depths.
 29457 | D:15     | Found a huge runed gate.
 29483 | D:15     | Found a huge runed gate.
 29483 | D:15     | Found a huge runed gate.
 29484 | D:15     | Found a huge runed gate.
 29484 | D:15     | Found a huge runed gate.
 29484 | D:15     | Found a huge runed gate.
 29486 | D:15     | Found a huge runed gate.
 29489 | D:15     | Found a huge runed gate.
 29490 | D:15     | Found a huge runed gate.
 29491 | D:15     | Found a huge runed gate.
 29492 | D:15     | Found a huge runed gate.
 29493 | D:15     | Found a huge runed gate.
 29494 | D:15     | Found a huge runed gate.
 29497 | D:15     | Found a huge runed gate.
 29497 | D:15     | Found a huge runed gate.
 29497 | D:15     | Found a huge runed gate.
 29497 | D:15     | Found a huge runed gate.
 29497 | D:15     | Found a huge runed gate.
 29497 | D:15     | Found a huge runed gate.
 29498 | D:15     | Found a huge runed gate.
 29499 | D:15     | Found a huge runed gate.
 29500 | D:15     | Found a huge runed gate.
 29508 | D:15     | Found a huge runed gate.
 29508 | D:15     | Found a huge runed gate.
 29508 | D:15     | Found a huge runed gate.
 29508 | D:15     | Found a huge runed gate.
 29508 | D:15     | Found a huge runed gate.
 29508 | D:15     | Found a huge runed gate.
 29509 | D:15     | Found a huge runed gate.
 29510 | D:15     | Found a huge runed gate.
 29511 | D:15     | Found a huge runed gate.
 29520 | D:15     | Found a huge runed gate.
 29520 | D:15     | Found a huge runed gate.
 29520 | D:15     | Found a huge runed gate.
 29520 | D:15     | Found a huge runed gate.
 29848 | D:15     | Noticed a hellephant
 29850 | D:15     | Killed from afar by a hell hog

Illustrated notes

Levels and vault maps discovered:
D:1:      minmay_arrival_four_circles, layout_basic, minmay_pentomino_u2
D:2:      layout_rooms, uniq_jessica
D:3:      layout_loops_ring, kennysheep_ying_yang,
          nzn_overflow_gifts_of_might_and_magic, general_overflow_altar,
          chequers_temple_overflow_statue_of_worship,
          nemelex_xobeh_ov_fountains_minmay
D:4:      layout_rooms, serial_park_tiny_1, uniq_edmund, uniq_eustachio
D:5:      layout_loops_corners, minmay_temple_entry_proselytizer,
          uniq_crazy_yiuf_cottage, uniq_menkaure, uniq_pikel, uniq_sigmund
D:6:      layout_rooms, water_boxes_lemuel, uniq_blork_the_orc, uniq_maggie
D:7:      minmay_the_grid_square_5x5_3x3 [minmay_the_grid_square_5x5_minibox,
          minmay_the_grid_square_5x5_doubleslash,
          minmay_the_grid_square_5x5_shuriken, minmay_the_grid_square_5x5_z,
          minmay_the_grid_square_5x5_megaprize_crossed,
          minmay_the_grid_square_5x5_seven, minmay_the_grid_square_5x5_c,
          minmay_the_grid_square_5x5_bracketed,
          minmay_the_grid_square_5x5_two_walls_a], layout_loops_ring
D:8:      layout_rooms, old_standard_altar, grunt_lair_entry_orc_guard_hut,
          gammafunk_ghost_arena, serial_shops, shop, chequers_avenue,
          uniq_prince_ribbit1, uniq_psyche
D:9:      layout_cave_pods, nicolae_ru_great_annihilating_truth
D:10:     layout_rooms, serial_shops, shop, nicolae_shop_crystal,
          nicolae_shop_competitors_out_of_business, nicolae_shop_trees,
          uniq_joseph, uniq_fannar, uniq_sonja
D:11:     layout_gridville, serial_shops, shop
D:12:     layout_roguey, david_orc_3, minmay_guarded_unrand_skullcrusher
D:13:     layout_stronghold, grunt_vaults_entry_fortified, serial_shops,
          freezing_bzr
D:14:     layout_layer_cave, serial_shops, shop, shop, shop_statue,
          minivault_23, gauntlet_entry_generic, uniq_rupert
D:15:     gammafunk_depths_entry_grave, layout_irregular_city,
          minmay_misc_feat_ornament, not_door_vault_due
Temple:   jpeg_temple_clearing
Lair:1:   layout_regular_city
Lair:2:   layout_gridlike, chequers_serial_rivers_micro_c, grunt_megastairs_2
Lair:3:   layout_roguey
Lair:4:   gammafunk_mikee_crab_dinner, layout_gridlike,
          minmay_swamp_entry_swarm, minmay_snake_entry_guardpost_large,
          basic_altar, lemuel_another_geyser
Lair:5:   layout_roguey, amcnicky_mini_pool_medium, infiniplex_staircase_pool
Lair:6:   hangedman_lair_caniforms_friends, layout_gridlike,
          guppyfry_lair_end_dragon, dpeg_slime_entry_corner,
          bobbens_ice_dragon_lair, uniq_snorg
Orc:1:    nicolae_orc_accident_1, layout_caves, uniq_jorgrun
Orc:2:    kennysheep_orc_mage_school, layout_caves, basic_altar

Skill      XL: |  1  2  3  4  5  6  7  8  9 10 11 12 13 14 15 16 |
---------------+-------------------------------------------------+-----
Conjurations   | 5 6 7 9 10 12 13 14 16 19 | 19.5
Spellcasting   | 4 5 6 9 10 12 14 15 17 20 21 | 21.0
Air Magic      | 1 3 4 6 8 11 12 13 | 13.1
Fire Magic     | 3 6 |  6.9
Dodging        | |  2.6
Stealth        | |  2.6

Action                   |  1- 3 |  4- 6 |  7- 9 | 10-12 | 13-15 | 16-18 || total
-------------------------+-------+-------+-------+-------+-------+-------++-------
Melee: Dagger            |     7 |     4 |       |       |       |       ||    11
       Scythe            |       |       |     7 |       |       |       ||     7
       Staff             |       |       |     5 |    10 |    40 |       ||    55
       Quarterstaff      |       |       |     1 |       |       |       ||     1
 Cast: Magic Dart        |    88 |    33 |     9 |     1 |       |       ||   131
       Searing Ray       |       |    26 |    55 |   162 |       |       ||   243
       Iskenderun's Myst |       |       |    15 |    57 |    57 |     9 ||   138
       Summon Lightning  |       |       |       |    20 |    41 |       ||    61
       Lightning Bolt    |       |       |       |    71 |   362 |     4 ||   437
       Fireball          |       |       |       |     1 |    78 |     2 ||    81
       Orb of Destructio |       |       |       |       |    27 |    33 ||    60
       Freezing Cloud    |       |       |       |       |     3 |       ||     3
 Abil: Evoke Flight      |       |       |       |       |     1 |       ||     1
Evoke: Wand              |       |       |    15 |     1 |     1 |       ||    17
  Use: Scroll            |       |       |     9 |     8 |    19 |     3 ||    39
       Potion            |       |       |     2 |     5 |    10 |     5 ||    22
 Stab: Sleeping          |       |       |       |     1 |       |       ||     1
Armor: Robe              |     3 |     7 |     1 |       |       |       ||    11
       Troll leather arm |       |       |    26 |    14 |       |       ||    40
       Leather armour    |       |       |       |    71 |    48 |       ||   119
       Scale mail        |       |       |       |       |       |     7 ||     7
Dodge: Dodged            |     9 |    14 |    41 |   110 |    80 |     1 ||   255
